AoeStats
← GL

Arena

510380126Analyzed
1v1 RM · 19h ago on Sep 30, 2026· 38m 39s· 2 players
Game mode
Random Map
Map size
Tiny (2 player)
Population
200
Speed
Normal
Resources
Standard
Victory
Conquest
Starting age
Dark Age
Ending age
Imperial Age
RankedLock teamsTeams togetherTeam positionsShared explorationLock speedFull tech treeHidden civsTurbo modeCheats
Victory
Defeat
🇦🇷 Britons · Argentina
632
+18
🇨🇱 Spanish · Chile
686
-18
Joaquin B6183
11:41 Feudal Age
11:08 Loom
16:16 Castle Age
15:08 Stone Mining
15:09 Double-Bit Axe
16:31 Gold Mining
19:39 Wheelbarrow
24:23 Hand Cart
24:36 Hand Cart
29:45 Imperial Age
27:02 Town Watch
27:27 Horse Collar
31:23 Town Patrol
31:29 Fletching
31:44 Scale Barding Armor
31:50 Forging
32:06 Ballistics
32:01 Murder Holes
33:17 Chain Barding Armor
34:14 Bow Saw
34:46 Stone Shaft Mining
34:49 Cavalier
36:46 Husbandry
GL
10:27 Feudal Age
11:05 Double-Bit Axe
16:28 Castle Age
20:03 Bow Saw
27:10 Imperial Age
24:48 Crossbowman
25:17 Loom
25:41 Horse Collar
26:33 Padded Archer Armor
28:58 Chemistry
29:50 Two-Man Saw
30:21 Fletching
31:24 Leather Archer Armor
32:30 Wheelbarrow
32:27 Conscription
34:20 Arbalester
35:58 Hand Cart
39:45 Ring Archer Armor
39:11 Bodkin Arrow
Connection lost

Rejoining the realm…

Still unreachable

The connection could not be restored.

Session expired

The server has moved on; the page needs a fresh start.